 Dungeon Crawl Stone Soup version 0.29-a0-284-gf9362112df (webtiles) character file.

Game seed: 16716806343253218223

208 sokol815 the Chopper (level 5, -1/50 HPs)
             Began as a Demonspawn Monk on Mar 23, 2022.
             Was a Priest of Jiyva.
             Killed by nerve-wracking pain
             ... invoked by an orc priest
              (3 damage)
             ... on level 4 of the Dungeon.
             The game lasted 00:06:06 (2784 turns).

sokol815 the Chopper (Demonspawn Monk)              Turns: 2784, Time: 00:06:07

Health: -1/50      AC:  8    Str: 14    XL:     5   Next: 55%
Magic:  5/5        EV: 11    Int: 11    God:    Jiyva [***...]
Gold:   122        SH:  0    Dex: 19    Spells: 4/4 levels left

rFire   . . .      SeeInvis .   a - +0 hand axe
rCold   . . .      Faith    .   (no shield)
rNeg    . . .      Spirit   .   i - +0 ring mail
rPois   .          Reflect  .   (no helmet)
rElec   .          Harm     .   (no cloak)
rCorr   +          Rampage  .   n - +1 pair of gloves
Will    .....                   (no boots)
Stlth   ..........              (no amulet)
HPRegen 1.28/turn               d - ring of flight {+Fly, !d}
MPRegen 0.44/turn               (no ring)

@: confused, flying, hasted, very quick
A: hooves 2, rugged brown scales 1, demonic guardian 1, agile 2, robust 2
a: Renounce Religion, Oozemancy


You were on level 4 of the Dungeon.
You worshipped Jiyva.
Jiyva was most pleased with you.
You visited 1 branch of the dungeon, and saw 4 of its levels.

You collected 122 gold pieces.

Inventory:

Hand Weapons
 a - a +0 hand axe (weapon)
 m - a +3 dagger
   (You took it off a goblin on level 2 of the Dungeon)
Missiles
 s - 88 stones
Armour
 b - a +0 robe
 i - a +0 ring mail (worn)
   (You found it on level 1 of the Dungeon)
 n - a +1 pair of gloves (worn)
   (You found it on level 1 of the Dungeon)
Jewellery
 d - a ring of flight (left hand) {+Fly, !d}
   (You found it on level 1 of the Dungeon)
 f - a ring of fire {rF+, rC-}
   (You found it on level 2 of the Dungeon)
Scrolls
 c - 2 scrolls of identify {@r1}
 k - 2 scrolls of enchant armour
 p - 2 scrolls of amnesia
 D - a scroll of blinking {!r}
 Y - 2 scrolls of teleportation {@r3}
Potions
 o - a potion of attraction {!q}
 G - a potion of ambrosia {!q}


   Skills:
 - Level 3.0 Fighting
 + Level 5.8 Axes
 - Level 2.6 Dodging
 - Level 1.7 Stealth


You had 4 spell levels left.
You didn't know any spells.
Your spell library contained the following spells:

 Spells                   Type           Power      Damage    Failure   Level
 Animate Skeleton         Necr           0%         N/A       58%         1
 Pain                     Necr           0%         1d4       58%         1
 Vampiric Draining        Necr           0%         2d6       91%         3


Dungeon Overview and Level Annotations

Branches:
Dungeon (4/15)             Temple (0/1) D:4

Altars:
Jiyva

Annotations:
D:3 Sigmund
D:4 1 runed translucent door, Patoropollo's ghost, novice MiFi


Innate Abilities, Weirdness & Mutations

You have hoof-like feet.
You are partially covered in rugged brown scales. (AC +1, +3% HP)
A weak demonic guardian rushes to your aid.
You are very agile. (Dex +4)
You are very robust. (+20% HP)


Message History

You resist with some effort.
The orc wizard moves out of view.
An orc warrior comes into view. It is wielding a +0 flail.
The orc warrior shouts!
A scorpion comes into view.
You hear a distant slurping noise.
You hear a squelching noise.
You hear a slurping noise.
A necrophage comes into view.
The orc wizard gestures at you while chanting.
The magic dart hits you!
A demonic guardian appears!
You take 7 damage, and have 43/50 hp.
You swap places.
You hear a distant slurping noise.
The orc priest hits you with a +0 dagger.
The orc wizard gestures at you while chanting.
The magic dart hits you! The orc hits you but does no damage.
You take 14 damage, and have 29/50 hp.
MASSIVE DAMAGE!!
You are too injured to fight recklessly!
You are too injured to fight recklessly!
Unknown command.
You closely miss the orc priest. You hit the orc but do no damage.
Your ufetubus hits the orc priest.
Your ufetubus hits the orc priest but does no damage.
The orc misses you.
The orc priest begins to cast a cantrip, but forgets the words!
The orc wizard barely misses your ufetubus.
You hear a distant slurping noise.
Your ufetubus closely misses the orc priest.
Your ufetubus hits the orc priest but does no damage.
You barely miss the orc priest. You hit the orc.
Your ufetubus barely misses the orc priest.
Your ufetubus hits the orc priest. The orc priest closely misses you.
The orc wizard hits your ufetubus with a +0 dagger.
The orc closely misses you.
The jelly misses the orc wizard.
You regained 2 hp, and now have 32/50 hp.
You barely miss the orc priest. You hit the orc.
You kill the orc!
Your ufetubus hits the orc wizard but does no damage.
Your ufetubus closely misses the orc wizard.
The orc priest closely misses you.
The orc wizard barely misses your ufetubus.
The scorpion barely misses you.
Your ufetubus closely misses the orc wizard.
Your ufetubus hits the orc wizard. You hit the scorpion.
You kick the scorpion, but do no damage.
You hit the orc priest but do no damage.
Your ufetubus barely misses the orc wizard. x2
The scorpion barely misses you.
The orc wizard hits your ufetubus with a +0 dagger.
The orc priest hits you with a +0 dagger.
The jelly hits the orc priest but does no damage.
You take 1 damage, and have 32/50 hp.
You hit the scorpion but do no damage. You hit the orc priest.
You closely miss the necrophage. Your ufetubus hits the orc wizard.
Your ufetubus barely misses the orc wizard.
The scorpion closely misses you.
The orc wizard gestures at you while chanting.
The magic dart hits your ufetubus!
Your ufetubus dies!
Your ufetubus disappears in a puff of smoke!
An orc comes into view. It is wielding a +0 trident.
The orc priest looks braver for a moment.
The necrophage hits you but does no damage.
The jelly barely misses the orc priest.
You slash the necrophage! Your kick misses the necrophage.
You hit the orc wizard. You hit the scorpion but do no damage.
You barely miss the orc priest.
The scorpion stings you but does no damage.
The orc wizard mumbles some strange words.
The orc wizard flickers and vanishes!
Deactivating autopickup; reactivate with Ctrl-A.
The orc wizard hits you with a +0 dagger.
The orc priest casts a cantrip, but nothing happens.
The necrophage barely misses you.
The jelly hits the orc priest.
The orc priest is splashed with acid.
You take 1 damage, and have 32/50 hp.
You hit the orc priest but do no damage.
You kick the orc priest, but do no damage.
You hit the necrophage. You closely miss the orc wizard.
You barely miss the scorpion. You hit the orc warrior.
The scorpion barely misses you.
The orc priest mumbles some strange prayers to Beogh against you.
Beogh smites you! The orc wizard casts a spell at you.
You are confused.
The orc warrior hits you with a +0 flail!
* * * LOW HITPOINT WARNING * * *
A demonic guardian appears!
The necrophage hits you but does no damage.
You hear a distant slurping noise.
The jelly hits the orc priest but does no damage.
You take 31 damage, and have 1/50 hp.
MASSIVE DAMAGE!!
You are too confused!
It was a potion of haste.
You feel yourself speed up. The scorpion barely misses you.
The necrophage barely misses you.
The orc priest invokes the aid of Beogh against you.
Pain shoots through your body!
You die...

##.# # #.. ..... # #.#
#..... ## ##.# ......
.## #..# #....# ..##
#..# .....# #..#####.##
##.....# ##.......##
#noJ...## ##........###
##@o{....#
#...........###.os.....#
#..........#..#5.......#
#...........##..........
...####.....####........
...#WP#....## ###...o.#
...+(8#...## #....#
#..#.P#..## .....
######### .....


You could see an orc warrior, a necrophage, a scorpion, an orc priest, an orc
wizard (ally target), an orc, a neutral jelly (wandering)(fellow slime) and a
friendly shadow imp (summoned).

Vanquished Creatures
  An ogre (D:4)
  3 gnolls (D:4)
  3 adders
  3 dart slugs
  An orc (D:4)
  5 bats
  4 endoplasms
  A giant cockroach (D:1)
  5 hobgoblins
  A quokka (D:2)
  5 ball pythons
  4 frilled lizards
  10 goblins
  5 kobolds
  A rat (D:1)
52 creatures vanquished.

Vanquished Creatures (collateral kills)
  A gnoll (D:4)
1 creature vanquished.

Vanquished Creatures (others)
  A gnoll (D:4)
  An endoplasm (D:4)
  3 fungi (D:2)
  4 plants
  A withered plant (D:4)
10 creatures vanquished.

Grand Total: 63 creatures vanquished

Notes
Turn   | Place    | Note
-------+----------+-------------------------------------------
     0 | D:1      | sokol815 the Demonspawn Monk began the quest for the Orb.
     0 | D:1      | Reached XP level 1. HP: 18/18 MP: 1/1
   122 | D:1      | Reached skill level 3 in Axes
   325 | D:1      | Gained mutation: You have large cloven feet. [demonic
                  | ancestry]
   325 | D:1      | Reached XP level 2. HP: 19/24 MP: 2/2
  1452 | D:2      | Gained mutation: You have hoof-like feet. [demonic
                  | ancestry]
  1452 | D:2      | Reached XP level 3. HP: 29/29 MP: 3/3
  1757 | D:1      | Reached skill level 4 in Axes
  2169 | D:2      | Found a faded altar of an unknown god.
  2176 | D:2      | Prayed at the altar of an unknown god.
  2176 | D:2      | Became a worshipper of Jiyva Jyshru the Shapeless
  2176 | D:2      | Reached * piety under Jiyva
  2176 | D:2      | Reached ** piety under Jiyva
  2236 | D:3      | Reached *** piety under Jiyva
  2248 | D:3      | Gained mutation: You are agile. (Dex +2) [Jiyva's grace]
  2248 | D:3      | Gained mutation: You are very agile. (Dex +4) [Jiyva's
                  | grace]
  2248 | D:3      | Gained mutation: You are robust. (+10% HP) [Jiyva's grace]
  2248 | D:3      | Gained mutation: You are very robust. (+20% HP) [Jiyva's
                  | grace]
  2308 | D:3      | Noticed Sigmund
  2389 | D:4      | Gained mutation: You are partially covered in rugged brown
                  | scales. (AC +1, +3% HP) [demonic ancestry]
  2389 | D:4      | Reached XP level 4. HP: 34/43 MP: 4/4
  2404 | D:4      | Noticed an ogre
  2413 | D:4      | HP: 7/43 [ogre/+0 giant spiked club (12)]
  2450 | D:4      | Killed an ogre
  2451 | D:4      | Reached skill level 5 in Axes
  2451 | D:4      | Gained mutation: A weak demonic guardian rushes to your
                  | aid. [demonic ancestry]
  2451 | D:4      | Reached XP level 5. HP: 23/50 MP: 5/5
  2643 | D:4      | Found a staircase to the Ecumenical Temple.
  2671 | D:4      | Found a runed translucent door.
  2671 | D:4      | Noticed Patoropollo's ghost (novice MiFi)
  2774 | D:4      | Noticed an orc warrior
  2783 | D:4      | HP: 1/50 [orc warrior/+0 flail (17)]
  2784 | D:4      | Killed from afar by an orc priest

Illustrated notes

Levels and vault maps discovered:
D:1:      psy_arrival_basics, layout_basic, serial_forest,
          infiniplex_forest_lined_2, infiniplex_forest_clump_curved,
          infiniplex_forest_lined_3, infiniplex_forest_end_2,
          infiniplex_forest_zigzag_2, infiniplex_forest_clump_medium,
          infiniplex_forest_lined_room_, infiniplex_forest_straight_2,
          infiniplex_forest_lined_ring
D:2:      layout_loops_ring, shapermc_ecumenical_altar_hornbeckon
D:3:      wander_river, layout_rooms, corexii_item_surrounded_by_moat,
          corexii_corridor_pit, minmay_misc_feat_columns,
          chequers_serial_rivers_micro_b, minmay_misc_feat_roman, uniq_sigmund
D:4:      layout_cave_pods, temple_statues, gammafunk_ghost_grave

Skill      XL: |  1  2  3  4 |
---------------+-------------+-----
Axes           | 3 4 5 |  5.8
Fighting       | |  3.0
Dodging        | |  2.6
Stealth        | |  1.7

Action                   |  1- 3 |  4- 6 || total
-------------------------+-------+-------++-------
Melee: Hand axe          |   112 |    42 ||   154
       Kick              |    13 |    11 ||    24
       Punch             |     1 |     1 ||     2
Throw: Stone             |    20 |       ||    20
  Use: Scroll            |     8 |     1 ||     9
       Potion            |       |     1 ||     1
 Stab: Sleeping          |     4 |       ||     4
Armor: Robe              |     7 |       ||     7
       Ring mail         |    34 |    17 ||    51
Dodge: Dodged            |    58 |    41 ||    99

Table legend: (Time is in decaauts)
 A = Elapsed time spent in this place.
 B = Non-inter-level travel time spent in this place.
 C = Inter-level travel time spent in this place.
 D = Time resting spent in this place.
 E = Time spent auto-exploring this place.
 F = Levels seen in this place.
 G = Mean time per level.
                   A        B        C        D        E       F      G
               +--------+--------+--------+--------+--------+-----+--------+
         Total |   2801 |   2756 |     45 |    193 |   2095 |   4 |  700.2 |
       Dungeon |   2801 |   2756 |     45 |    193 |   2095 |   4 |  700.2 |
               +--------+--------+--------+--------+--------+-----+--------+

Top non-repeatable levels by time:
     D:1: 1140 daAuts
     D:2: 1082 daAuts
     D:4: 454 daAuts
     D:3: 123 daAuts

Table legend:
 A = Kills in this place as a percentage of kills in entire the game.
 B = Kills by you in this place as a percentage of kills by you in the entire game.
 C = Kills by friends in this place as a percentage of kills by friends in the entire game.
 D = Other kills in this place as a percentage of other kills in the entire game.
 E = Experience gained in this place as a percentage of experience gained in the entire game.
 F = Experience gained in this place divided by the number of levels of this place that you have seen.
                   A       B       C       D       E      F
               +-------+-------+-------+-------+-------+----------------------
         Total | 100.0 | 100.0 | 100.0 |   N/A | 100.0 |  74.5
       Dungeon | 100.0 | 100.0 | 100.0 |   N/A | 100.0 |  74.5
               +-------+-------+-------+-------+-------+----------------------
